 Dungeon Crawl Stone Soup version 0.30.0-29-ga12c61a403 (webtiles) character file.

Game seed: 915468327773359382

296 seaoflcl the Trooper (level 6, -1/48 HPs)
             Began as a Demonspawn Fighter on June 16, 2023.
             Slain by a sleepcap (19 damage)
             ... on level 4 of the Dungeon.
             The game lasted 00:03:25 (2277 turns).

seaoflcl the Trooper (Demonspawn Fighter)           Turns: 2277, Time: 00:03:26

Health: -1/48      AC:  6    Str: 18    XL:     6   Next: 12%
Magic:  6/6        EV:  2    Int:  9    God:
Gold:   166        SH:  0    Dex: 13    Spells: 5/5 levels left

rFire   . . .        a - +0 war axe
rCold   + . .        c - +0 buckler
rNeg    . . .        b - +0 scale mail
rPois   .            (helmet restricted)
rElec   .            (no cloak)
rCorr   +            (no gloves)
SInv    .            (no boots)
Will    .....        (no amulet) Stlth
                     l - ring of resist corrosion
HPRegen 0.28/turn    o - ring of protection from cold
MPRegen 0.10/turn

%: no passive effects
@: sleeping
A: antennae 2, hooves 1, demonic magic 1, demonic touch 1
a: no special abilities


You were on level 4 of the Dungeon.
You visited 1 branch of the dungeon, and saw 4 of its levels.

You collected 166 gold pieces.

Inventory:

Hand Weapons
 a - a +0 war axe (weapon)
Missiles
 g - 8 poisoned darts (quivered)
Armour
 b - a +0 scale mail (worn)
 c - a +0 buckler (worn)
Jewellery
 l - a ring of resist corrosion (left hand)
 o - a ring of protection from cold (right hand)
 r - a ring of ice
Scrolls
 e - a scroll of enchant armour {unknown}
 h - 2 scrolls of fear {unknown}
 i - a scroll of acquirement {unknown}
 j - a scroll of amnesia {unknown}
 k - 3 scrolls of teleportation {unknown}
 m - a scroll of identify {unknown}
Potions
 d - a potion of might
 f - 2 potions of heal wounds {unknown}
 n - a potion of mutation {unknown}
 p - a potion of flight {unknown}
 q - a potion of brilliance {unknown}
 s - a potion of attraction {unknown}


   Skills:
 + Level 3.9 Fighting
 * Level 3.8 Axes
 + Level 1.2 Throwing
 + Level 3.5 Armour
 + Level 3.6 Shields


You had 5 spell levels left.
You didn't know any spells.
Your spell library was empty.

Dungeon Overview and Level Annotations

Branches:
Dungeon (4/15)
 Temple: D:4-7

Altars:
Fedhas

Shops:
D:1 (

Annotations:
D:3 3 runed translucent doors, Quinzaine's ghost, weakling VSBr


Innate Abilities, Weirdness & Mutations

You have a pair of antennae on your head.
You have large cloven feet.
Spells you cast may paralyse adjacent enemies.
Your touch may inflict minor irresistible damage on your foes.


Message History

You kill the jackal!
You hit the endoplasm but do no damage. The endoplasm freezes you.
You are frozen.
You resist. The endoplasm freezes you.
You are frozen.
You resist.
You hit the endoplasm but do no damage. You kick the endoplasm.
The endoplasm is lightly wounded.
The endoplasm freezes you.
You are frozen.
You resist.
You hit the endoplasm.
The endoplasm is almost dead.
The endoplasm barely misses you.
You hit the endoplasm.
You kill the endoplasm!
You hit the sleepcap but do no damage. The sleepcap barely misses you.
The sleepcap releases spores at you.
You are engulfed in a cloud of soporific spores!
You fall asleep.
The sleepcap releases spores at you.
You wake up.
You are engulfed in a cloud of soporific spores!
You are unaffected.
You hit the sleepcap.
You kick the sleepcap, but do no damage.
The sleepcap is lightly damaged.
The sleepcap barely misses you.
You hit the sleepcap.
You kick the sleepcap, but do no damage.
The sleepcap is lightly damaged.
The sleepcap releases spores at you.
You are engulfed in a cloud of soporific spores!
You are unaffected.
You hit the sleepcap.
You kick the sleepcap, but do no damage.
The sleepcap is moderately damaged.
The sleepcap releases spores at you.
You are engulfed in a cloud of soporific spores!
You fall asleep.
The sleepcap releases spores at you!!
You die...

.....### ..# #.
##...... ..###.#
##....... ...#.#
#........ .....#
#....#..# ....#
........## ...##
.........###....#
.......<..@f.#
####.####.####
#.# .## #! .. ..$
#.. ##.


You could see a sleepcap.

Vanquished Creatures
  A black bear (D:3)
  A bullfrog (D:3)
  Jessica (D:2)
  5 adders
  A worm (D:2)
  A dart slug (D:1)
  7 ball pythons
  3 bats
  10 endoplasms
  2 giant cockroaches
  5 hobgoblins
  5 jackals
  3 quokkas (D:1)
  4 frilled lizards
  6 goblins
  A kobold (D:1)
  7 rats
63 creatures vanquished.

Notes
Turn   | Place    | Note
-------+----------+-------------------------------------------
     0 | D:1      | seaoflcl the Demonspawn Fighter began the quest for the
                  | Orb.
     0 | D:1      | Reached XP level 1. HP: 18/18 MP: 1/1
   122 | D:1      | Discovered your monstrous ancestry.
   122 | D:1      | Gained mutation: You have a pair of small antennae on your
                  | head. [demonic ancestry]
   122 | D:1      | Reached XP level 2. HP: 23/24 MP: 2/2
   171 | D:1      | Found Qiucop's Weapon Emporium.
   326 | D:1      | Found a faded altar of an unknown god.
   353 | D:1      | You fall into a shaft and drop 1 floor!
   442 | D:2      | Gained mutation: You have large cloven feet. [demonic
                  | ancestry]
   442 | D:2      | Reached XP level 3. HP: 29/29 MP: 3/3
   485 | D:2      | Noticed Jessica
   486 | D:2      | Killed Jessica
   551 | D:2      | Gained mutation: Spells you cast may paralyse adjacent
                  | enemies. [demonic ancestry]
   551 | D:2      | Reached XP level 4. HP: 35/35 MP: 4/4
  1257 | D:3      | Noticed a black bear
  1268 | D:3      | Killed a black bear
  1269 | D:3      | Gained mutation: You have a pair of antennae on your head.
                  | [demonic ancestry]
  1269 | D:3      | Reached XP level 5. HP: 9/42 MP: 5/5
  1631 | D:3      | Reached skill level 1 in Throwing
  1796 | D:3      | Found a runed translucent gate.
  1798 | D:3      | Found a runed translucent gate.
  1798 | D:3      | Found a runed translucent gate.
  1798 | D:3      | Noticed Quinzaine's ghost (weakling VSBr)
  1799 | D:3      | Noticed a centaur
  1848 | D:3      | Found a blossoming altar of Fedhas.
  1932 | D:3      | Gained mutation: Your touch may inflict minor irresistible
                  | damage on your foes. [demonic ancestry]
  1932 | D:3      | Reached XP level 6. HP: 34/48 MP: 6/6
  2277 | D:4      | Slain by a sleepcap

Illustrated notes

Levels and vault maps discovered:
D:1:      dpeg_arrival_arbitrary_a, layout_rooms, serial_shops,
          nicolae_shop_statue_plus, hellmonk_ecumenical_altar_leap_of_faith,
          chequers_garden, minmay_octomino_j4
D:2:      layout_loops_ring, uniq_jessica
D:3:      layout_loops_ring, fedhas_altar_3, gammafunk_ghost_split
D:4:      layout_layer_cave, lemuel_temple_firewalk_b, kennysheep_donut

Skill      XL: |  1  2  3  4  5 |
---------------+----------------+-----
Axes           | 2 3 |  3.8
Armour         | 3 |  3.5
Shields        | 3 |  3.6
Throwing       | 1 |  1.2
Fighting       | |  3.9

Action                     |  1- 3 |  4- 6 || total
---------------------------+-------+-------++-------
  Melee: War axe           |    83 |   106 ||   189
         Kick              |     4 |    18 ||    22
    Use: Potion            |       |     1 ||     1
 Armour: Scale mail        |    64 |    64 ||   128
  Dodge: Dodged            |    53 |    56 ||   109
  Block: Buckler           |    23 |    22 ||    45
